Get step-by-step instructions on how to execute this build order below. Start the game timer, and the build order will tick by so you can play in parallel with StarCraft on a second screen or mobile device.

Game Time

  0:00

Last Step

  N/A

Next Step

Upcoming Step



Don't want to look back and forth between 2 screens? Try out our Overwolf App, the Spawning Tool Build Advisor to get an in-game overlay with this build!

Complete Build Order

  12  0:00  SCV  
  13  0:12  SCV  
  14  0:16  Supply Depot  
  14  0:24  SCV  
  15  0:38  SCV  
  15  0:39  Barracks  
  15  0:42  Refinery  
  16  0:50  SCV  
  16  0:52  Refinery  
  17  1:02  SCV  
  18  1:14  SCV  
  19  1:26  Orbital Command, Reaper  
  19  1:31  Supply Depot  
  20  1:42  Factory  
  20  1:52  SCV  
  21  1:58  Barracks Reactor  
  21  2:04  SCV  
  22  2:16  SCV  
  22  2:21  Command Center  
  23  2:26  Hellion  
  23  2:28  SCV  
  26  2:34  Reaper x2  
  28  2:39  Supply Depot  
  28  2:40  SCV  
  29  2:47  Hellion  
  31  2:57  Starport  
  31  3:00  SCV  
  32  3:06  Marine x2  
  32  3:09  Factory Tech Lab  
  34  3:12  SCV  
  34  3:17  Refinery  
  35  3:25  SCV  
  35  3:39  Orbital Command  
  35  3:40  Marine x2  
  37  3:41  Cyclone  
  37  3:42  Starport Tech Lab  
  37  3:45  SCV  
  38  4:00  SCV  
  38  4:01  Raven  
  43  4:05  SCV  
  42  4:12  SCV  
  42  4:13  Siege Tank  
  46  4:17  SCV  
  46  4:19  Command Center  
  47  4:24  SCV  
  47  4:28  Supply Depot  
  47  4:29  SCV  
  47  4:30  Marine  
  47  4:31  Marine  
  51  4:35  Raven  
  51  4:37  SCV  
  54  4:48  Supply Depot  
  54  4:50  SCV x2, Siege Tank  
  61  5:02  SCV  
  61  5:04  SCV  
  61  5:09  Refinery  
  61  5:14  SCV  
  61  5:16  SCV  
  61  5:17  Stimpack  
  61  5:19  Viking x2  
  61  5:20  Marine  
  68  5:26  SCV  
  68  5:28  SCV  
  70  5:31  Siege Tank  
  70  5:35  Barracks, Orbital Command  
  73  5:36  Barracks  
  73  5:38  SCV  
  73  5:39  Marine  
  73  5:40  SCV  
  76  5:49  Viking x2  
  79  5:50  SCV  
  79  5:52  SCV  
  81  5:57  Orbital Command, Marine  
  81  6:00  Supply Depot  
  81  6:02  SCV  
  83  6:04  SCV  
  83  6:09  Supply Depot  
  83  6:10  Supply Depot  
  83  6:11  Siege Tank  
  87  6:15  SCV  
  87  6:16  SCV  
  87  6:17  Marine  
  90  6:24  SCV  
  91  6:27  SCV  
  91  6:29  Viking x2  
  91  6:30  Barracks Reactor x2  
  91  6:33  SCV  
  91  6:35  Marine  
  91  6:36  SCV  
  91  6:39  SCV  
  94  6:45  SCV  
  89  6:48  SCV  
  89  6:51  SCV  
  89  6:53  Marine  
  83  6:56  Siege Tank  
  83  6:57  SCV  
  83  6:58  Combat Shield  
  83  6:59  Viking x2  
  83  7:00  SCV  
  83  7:01  Engineering Bay  
  92  7:03  SCV, Engineering Bay  
  93  7:09  SCV  
  93  7:11  Marine x3  
  93  7:14  Marine x2  
  99  7:17  SCV x2  
  99  7:22  SCV  
  102  7:28  Siege Tank  
  102  7:29  Marine x3, SCV x2  
  110  7:31  Marine  
  110  7:33  Marine  
  110  7:34  SCV  
  113  7:40  Refinery x2  
  113  7:41  Terran Infantry Weapons Level 1, Terran Infantry Armor Level 1  
  113  7:42  Sensor Tower  
  113  7:51  Barracks x2  
  117  7:58  SCV x3, Medivac x2, Supply Depot  
  120  8:03  Command Center  
  120  8:09  Marine  
  120  8:10  SCV x3  
  120  8:11  Marine  
  125  8:19  Marine x3, Siege Tank  
  131  8:22  SCV x2  
  133  8:29  Missile Turret  
  133  8:30  SCV  
  133  8:36  Missile Turret  
  133  8:40  Barracks Reactor x2, Supply Depot  
  133  8:41  Marine x4, Medivac x2  
  133  8:46  Supply Depot  
  141  8:51  Factory  
  141  8:55  Barracks Reactor  
  141  9:00  Supply Depot  
  141  9:02  Marine x2, Siege Tank, SCV x3  
  149  9:05  Supply Depot  
  149  9:08  Marine x2  
  149  9:09  Supply Depot  
  150  9:14  Viking x2  
  150  9:15  Marine  
  155  9:17  Marine  
  155  9:18  Marine  
  155  9:19  Marine x2  
  155  9:20  SCV x3  
  159  9:25  Marine x2  
  159  9:29  Marine  
  159  9:30  Refinery  
  159  9:31  Refinery  
  162  9:33  SCV, Marine  
  162  9:37  Armory, Marine x2  
  166  9:39  Siege Tank x2  
  166  9:43  Marine  
  167  9:46  Marine x5  
  167  9:47  Marine  
  167  9:51  Marine  
  174  9:54  Sensor Tower  
  174  9:55  Marine x2  
  176  10:00  Planetary Fortress  
  176  10:01  Marine  
  176  10:04  Marine x4  
  176  10:06  Fusion Core, Starport  
  181  10:09  Starport  
  181  10:13  Command Center  
  181  10:25  Terran Infantry Weapons Level 2, Terran Infantry Armor Level 2  
  181  10:26  Terran Vehicle Weapons Level 1  
  181  10:28  Liberator x2  
  181  10:31  Supply Depot  
  187  10:43  Sensor Tower  
  187  10:47  Starport Reactor x2  
  187  10:48  Siege Tank x2  
  187  10:49  Marine x3  
  194  10:51  Marine  
  194  10:52  Marine x3  
  194  10:56  Armory  
  199  11:02  Missile Turret  
  195  11:13  Missile Turret  
  195  11:21  Missile Turret  
  195  11:24  Missile Turret  
  195  11:33  Viking x2  
  195  11:36  Advanced Ballistics  
  192  11:47  Command Center  
  192  11:48  Command Center  
  192  11:50  Command Center  
  192  11:53  Terran Vehicle And Ship Armor Level 1  
  192  11:54  Viking x3  
  192  11:55  Viking  
  200  12:03  Planetary Fortress  
  200  12:23  Missile Turret  
  200  12:24  Command Center  
  200  12:26  Unknown  
  200  12:36  Command Center  
  198  12:39  Viking  
  198  12:44  Viking  
  199  12:46  Viking  
  199  12:51  Siege Tank  
  199  12:59  Sensor Tower  
  199  13:01  Viking  
  199  13:02  Viking x2  
  199  13:04  Terran Infantry Weapons Level 3, Terran Infantry Armor Level 3  
  195  13:08  Viking  
  195  13:09  Terran Vehicle Weapons Level 2  
  197  13:14  Viking  
  197  13:15  Orbital Command x2  
  188  13:29  Liberator  
  188  13:31  Liberator x3  
  175  13:34  Marine  
  175  13:35  Marine  
  175  13:38  Marine  
  175  13:39  Marine  
  175  13:40  Marine  
  165  13:41  Marine x2  
  165  13:43  Viking  
  165  13:45  Viking  
  160  13:54  Orbital Command  
  160  13:56  Orbital Command  
  160  14:02  Siege Tank  
  145  14:03  Siege Tank  
  145  14:08  Starport  
  145  14:09  Starport  
  148  14:12  Viking  
  148  14:13  Viking  
  148  14:14  Terran Ship Weapons Level 1, Viking x3  
  148  14:15  Viking  
  160  14:31  Planetary Fortress  
  160  14:34  Siege Tank  
  158  14:40  Marine x4  
  158  14:41  Marine x2  
  158  14:42  Marine x3, Viking  
  158  14:43  Viking  
  158  14:44  Viking x2  
  148  14:46  Marine  
  148  14:50  Viking x2  
  148  14:51  Starport Tech Lab  
  148  14:52  Starport Reactor  
  150  14:53  Siege Tank  
  150  14:58  Marine x4  
  152  15:00  Marine x4  
  152  15:01  Factory  
  155  15:12  Marine x2, Sensor Tower  
  155  15:13  Raven  
  159  15:15  Viking x3  
  159  15:19  Viking  
  167  15:30  Viking x2  
  167  15:31  Siege Tank x2  
  167  15:33  Liberator  
  157  15:36  Liberator  
  146  15:47  Factory Tech Lab  
  146  15:48  Viking x2  
  147  15:51  Liberator  
  147  15:52  Raven  
  147  15:53  Marine  
  153  15:59  Marine x2  
  153  16:00  Marine x4  
  153  16:03  Siege Tank  
  153  16:04  Siege Tank  
  165  16:05  Missile Turret  
  165  16:06  Sensor Tower, Siege Tank  
  165  16:10  Viking x3  
  174  16:17  Terran Vehicle And Ship Armor Level 2, Terran Ship Weapons Level 2  
  174  16:26  Refinery x2  
  174  16:30  Command Center  
  174  16:32  Viking x3  
  180  16:35  Viking  
  182  16:41  Viking x2  
  182  16:45  Viking  
  182  16:46  Viking  
  190  16:50  Viking  
  189  17:02  Viking x3  
  193  17:09  Sensor Tower  
  193  17:12  Neosteel Armor, Hi-Sec Auto Tracking  
  193  17:14  Viking  
  193  17:34  Siege Tank x2  
  199  17:50  Marine  
  199  17:51  Marine  
  180  18:00  Smart Servos  
  180  18:01  Siege Tank  
  183  18:05  Viking  
  183  18:06  Liberator x2, Viking x3, Siege Tank  
  196  18:34  Liberator  
  197  18:41  Command Center  
  197  18:42  Liberator  
  200  18:58  Terran Ship Weapons Level 3  
  200  18:59  Terran Vehicle And Ship Armor Level 3  
  197  19:37  Viking x2  
  197  19:38  Marine x5  
  185  19:39  Marine x2  
  185  19:40  Marine, Siege Tank x2  
  185  19:41  Marine x2  
  169  19:48  Viking x2  
  169  19:51  Siege Tank  
  144  19:55  Marine  
  144  19:56  Liberator, Marine x6  
  144  19:57  Liberator x2  
  144  19:58  Raven, Marine x2  
  144  19:59  Marine  
  149  20:12  Viking, Medivac, Siege Tank x2  
  149  20:13  Marine x2, Viking  
  149  20:14  Marine x5  
  161  20:16  Marine x2  
  161  20:18  Viking x2  
  161  20:20  Marine  
  173  20:24  Refinery  
  173  20:26  Planetary Fortress  
  171  20:31  Marine x2  
  171  20:32  Marine x5, Viking, Refinery  
  171  20:34  Marine x2  
  176  20:37  Refinery  
  176  20:39  Viking  
  176  20:40  Marine, Viking x2, Missile Turret, Refinery  
  176  20:42  Viking x2, Missile Turret  
  183  20:44  Siege Tank x2  
  183  20:48  Planetary Fortress  
  183  20:49  Marine x4  
  195  20:50  Marine x2  
  195  20:52  Marine  
  196  21:12  Siege Tank  
  196  21:13  Marine x2  
  196  21:16  Viking x3, Siege Tank  
  196  21:17  Viking x2  
  195  21:18  Marine x2  
  195  21:19  Marine  
  195  21:20  Marine x2  
  195  21:23  Marine x2